 Dungeon Crawl Stone Soup version 0.20.0-15-g7f486f2 (webtiles) character file.

566 Chiseanne the Magician (level 7, 46/46 HPs)
             Began as a Demonspawn Wizard on June 16, 2017.
             Was an Initiate of Vehumet.
             Quit the game on level 5 of the Dungeon.
             The game lasted 00:08:11 (5063 turns).

Chiseanne the Magician (Demonspawn Wizard)          Turns: 5063, Time: 00:08:12

Health: 46/46      AC:  6    Str:  7    XL:     7   Next: 10%
Magic:  15/15      EV: 11    Int: 22    God:    Vehumet [......]
Gold:   226        SH:  0    Dex: 11    Spells: 7/16 levels left

rFire    + . .     SeeInvis .   a - +2 dagger (venom)
rCold    . . .     Gourm    .   (no shield)
rNeg     . . .     Faith    .   x - +2 leather armour {rF+}
rPois    .         Spirit   .   b - +0 hat
rElec    .         Reflect  .   u - +0 cloak
rCorr    +         Harm     .   (no gloves)
MR       .....                  (no boots)
Stlth    +.........             (no amulet)
Regen    0.2/turn               e - ring of resist corrosion
MPRegen  0.2/turn               (no ring)

@: no status effects
A: claws 1, powered by pain 1, spiny 1
a: Renounce Religion


You were on level 5 of the Dungeon.
You worshipped Vehumet.
Vehumet was noncommittal.
You were not hungry.

You visited 2 branches of the dungeon, and saw 6 of its levels.

You collected 226 gold pieces.

Inventory:

Hand Weapons
 a - a +2 dagger of venom (weapon)
 n - a cursed -2 hunting sling
 s - a +2 quarterstaff of protection
Missiles
 f - 35 arrows
 h - 122 stones (quivered)
 i - 21 sling bullets
 p - a throwing net
 r - 49 bolts
 y - 3 poisoned tomahawks
 z - 14 poisoned needles
Armour
 b - a +0 hat (worn)
 u - a +0 cloak (worn)
 w - a +0 shield
 x - a +2 leather armour of fire resistance (worn)
 C - a scarf of cloud immunity
Jewellery
 e - a ring of resist corrosion (left claw)
 l - a +6 amulet of reflection {unknown}
 t - an uncursed ring of ice {unknown}
 A - an uncursed amulet of harm {unknown}
Scrolls
 k - a scroll of magic mapping
Potions
 c - a potion of brilliance {unknown}
 j - a potion of invisibility {unknown}
 o - a potion of heal wounds
 q - 2 potions of haste
 B - a potion of might
 D - 3 potions of curing {unknown}
Comestibles
 d - 2 bread rations
 g - a meat ration
 m - 4 royal jellies
 v - 3 fruits
 E - a chunk of flesh


   Skills:
 * Level 2.8 Armour
 - Level 1.7 Dodging
 - Level 1.7 Stealth
 * Level 5.4 Spellcasting
 * Level 4.5 Conjurations
   Level 1.0 Summonings
 - Level 0.8 Translocations


You had 7 spell levels left.
You knew the following spells:

 Your Spells              Type           Power        Failure   Level  Hunger
a - Magic Dart            Conj           ####         2%          1    None
b - Blink                 Tloc           N/A          16%         2    None
c - Conjure Flame         Conj/Fire      ###.....     17%         3    ##.....
d - Mephitic Cloud        Conj/Pois/Air  ##......     22%         3    ##.....


Dungeon Overview and Level Annotations

Branches:
Dungeon (5/15)             Temple (1/1) D:4

Altars:
Ashenzari
Dithmenos
Elyvilon
Fedhas
Gozag
Hepliaklqana
Kikubaaqudgha
Makhleb
Nemelex Xobeh
Okawaru
Qazlal
Ru
Sif Muna
Uskayaw
Vehumet
Xom
Yredelemnul
Zin


Innate Abilities, Weirdness & Mutations

You have sharp fingernails.
You sometimes gain a little power by taking damage.
You are partially covered in sharp spines.


Message History

Confirm with . or Enter, or press ? or * to list all spells.
You don't have enough magic to cast that spell.
Casting: Magic Dart
Confirm with . or Enter, or press ? or * to list all spells.
You don't have enough magic to cast that spell.
You barely miss the ice beast.
The ice beast is almost dead.
The ice beast is struck by your spines.
You kill the ice beast!
Vehumet accepts your kill.
You have reached level 7!
Your demonic ancestry asserts itself...
Your fingernails lengthen.
You see here an adder corpse.
You butcher the adder corpse.
E - 2 chunks of flesh You see here an adder skeleton.
Eating one of 2 chunks of flesh.
You eat one of the 2 chunks of flesh.
This raw flesh tastes terrible.
Are you sure you want to abandon this character and quit the game? (Confirm with "yes".)

##### ###
##...##...
#.(.......
#.........
#.........
#.........
#.@....$..
####.#########
##.##.####....###.
#.................
#.................
#.................
#........<........
#.....###########.
#.....####


There were no monsters in sight!

Vanquished Creatures
  Menkaure (D:4)
  A water moccasin (D:4)
  An ice beast (D:5)
  A scorpion (D:4)
  A centaur zombie (D:5)
  A worker ant (D:4)
  6 adders
  A shadow imp (D:5)
  4 worms
  3 dart slugs
  2 leopard geckos
  5 orcs (D:3)
  4 bats
  3 giant cockroaches
  8 goblins
  4 hobgoblins
  6 jackals
  6 kobolds
  3 quokkas
  8 frilled lizards
  10 rats
79 creatures vanquished.

Notes
Turn   | Place    | Note
-------+----------+-------------------------------------------
     0 | D:1      | Chiseanne the Demonspawn Wizard began the quest for the Orb.
     0 | D:1      | Reached XP level 1. HP: 13/13 MP: 4/4
   343 | D:1      | Gained mutation: You are partially covered in sharp spines. [demonic ancestry]
   343 | D:1      | Reached XP level 2. HP: 2/19 MP: 0/6
  1147 | D:2      | Reached XP level 3. HP: 18/24 MP: 2/8
  2628 | D:3      | Reached XP level 4. HP: 22/30 MP: 2/9
  2707 | D:3      | Reached skill level 4 in Spellcasting
  2720 | D:3      | HP: 1/30 [kobold (2)]
  3641 | D:4      | Found a staircase to the Ecumenical Temple.
  3680 | Temple   | Entered the Ecumenical Temple
  3845 | Temple   | Became a worshipper of Vehumet
  3921 | D:4      | Found a blossoming altar of Fedhas.
  3982 | D:4      | Learned a level 2 spell: Blink
  3986 | D:4      | Learned a level 3 spell: Conjure Flame
  3990 | D:4      | Learned a level 3 spell: Mephitic Cloud
  4038 | D:4      | Noticed a water moccasin
  4054 | D:4      | Killed a water moccasin
  4054 | D:4      | Reached skill level 1 in Armour
  4054 | D:4      | Reached XP level 5. HP: 20/35 MP: 0/12
  4286 | D:4      | Noticed Menkaure
  4348 | D:4      | Killed Menkaure
  4348 | D:4      | Reached skill level 5 in Spellcasting
  4348 | D:4      | Gained mutation: You sometimes gain a little power by taking damage. [demonic ancestry]
  4348 | D:4      | Reached XP level 6. HP: 35/41 MP: 13/13
  4811 | D:5      | Entered Level 5 of the Dungeon
  4947 | D:5      | Noticed an ice beast
  4961 | D:5      | Killed an ice beast
  4961 | D:5      | Gained mutation: You have sharp fingernails. [demonic ancestry]
  4961 | D:5      | Reached XP level 7. HP: 46/46 MP: 0/15
  5063 | D:5      | Quit the game

Skill      XL: |  1  2  3  4  5 |
---------------+----------------+-----
Conjurations   | 2 3 4 |  4.5
Spellcasting   | 4 5 |  5.4
Armour         | 1 2 |  2.8
Dodging        | |  1.7
Stealth        | |  1.7
Summonings     | |  1.0
Translocations | |  0.8

Action                   |  1- 3 |  4- 6 |  7- 9 || total
-------------------------+-------+-------+-------++-------
Melee: Dagger            |     8 |    25 |       ||    33
       Mace              |    24 |    11 |       ||    35
       Quarterstaff      |       |     4 |       ||     4
 Cast: Magic Dart        |    96 |    89 |       ||   185
       Conjure Flame     |       |     2 |       ||     2
  Use: Scroll            |       |    13 |       ||    13
       Potion            |       |     2 |       ||     2
 Stab: Sleeping          |     1 |       |       ||     1
  Eat: Chunk             |     5 |     7 |     1 ||    13
Armor: Robe              |    11 |     4 |       ||    15
       Leather armour    |       |    10 |       ||    10
Dodge: Dodged            |    37 |    23 |       ||    60
